Map: [ESL] Moondance

Players

ShaDoWn

  • Race: Protoss Protoss
  • Spawn Location: 6:00

Kelazhur - Winner!

  • Race: Terran Terran
  • Spawn Location: 12:00

Event: DreamHack SC2 Masters 2022 Valencia

VOD

Have the link to the VOD?

Description

Time

  • Played on: July 1, 2022, 1:54 p.m.
  • Length: 8:25

All games in this series

Show
View Real Time Build Order
Export as new Build Order

ShaDoWn Protoss 

Build Orders: 1 Gate Expand, Oracle Opening 

Get SALT Encoding   

  12  0:00  Probe  
  13  0:12  Probe  
  14  0:19  Pylon  
  14  0:24  Probe  
  15  0:37  Probe (Chrono Boost)  
  15  0:39  Gateway  
  16  0:47  Probe (Chrono Boost)  
  17  0:52  Probe (Chrono Boost)  
  17  0:55  Assimilator  
  18  1:03  Probe  
  19  1:15  Probe  
  20  1:26  Nexus  
  20  1:37  Cybernetics Core  
  21  1:40  Probe  
  21  1:44  Assimilator  
  21  1:52  Probe  
  22  1:57  Pylon  
  22  2:04  Probe  
  23  2:14  Adept (Chrono Boost)  
  23  2:16  Probe  
  23  2:20  Stargate  
  26  2:28  Probe  
  27  2:41  Probe (Chrono Boost)  
  27  2:43  Probe (Chrono Boost)  
  29  2:44  Adept  
  29  2:45  Warp Gate (Chrono Boost)  
  31  2:57  Probe (Chrono Boost)  
  33  2:59  Probe (Chrono Boost)  
  33  3:02  Probe (Chrono Boost)  
  33  3:05  Probe  
  37  3:12  Oracle (Chrono Boost), Probe  
  38  3:17  Probe  
  40  3:24  Probe  
  39  3:27  Twilight Council  
  39  3:29  Probe  
  39  3:30  Gateway  
  40  3:34  Gateway  
  40  3:37  Probe  
  41  3:41  Probe  
  41  3:47  Stalker (Chrono Boost)  
  42  3:49  Pylon, Probe  
  42  3:53  Probe  
  44  3:56  Pylon  
  44  4:01  Probe  
  44  4:07  Probe  
  44  4:12  Shield Battery  
  44  4:13  Probe  
  42  4:18  Pylon  
  42  4:19  Probe  
  42  4:21  Pylon  
  42  4:27  Probe  
  42  4:30  Stalker x3  
  46  4:32  Stalker  
  46  4:35  Probe  
  41  4:39  Probe  
  40  4:48  Probe  
  40  4:51  Probe  
  39  4:55  Stalker x2  
  41  5:00  Probe  
  41  5:03  Probe  
  38  5:09  Blink (Chrono Boost)  
  36  5:23  Stalker  
  36  5:24  Probe  
  34  5:31  Probe  
  33  5:36  Pylon  
  33  5:39  Probe  
  33  5:43  Stalker  
  33  5:46  Probe (Chrono Boost)  
  35  5:55  Probe (Chrono Boost)  
  36  5:58  Stalker, Probe (Chrono Boost)  
  36  6:03  Stalker  
  42  6:06  Probe (Chrono Boost)  
  42  6:07  Probe (Chrono Boost)  
  42  6:10  Stalker  
  45  6:12  Probe  
  45  6:17  Probe  
  47  6:22  Stalker  
  47  6:24  Probe  
  50  6:26  Oracle (Chrono Boost)  
  50  6:29  Probe  
  54  6:34  Stalker  
  54  6:36  Probe  
  57  6:41  Probe  
  57  6:42  Stalker  
  57  6:45  Pylon  
  60  6:49  Stalker  
  62  7:02  Pylon  
  62  7:03  Probe x2  
  62  7:05  Stalker  
  66  7:15  Probe x2  
  67  7:17  Stalker  
  69  7:27  Probe x2  
  71  7:32  Stalker x2, Assimilator  
  73  7:39  Probe  
  74  7:44  Pylon  
  74  7:48  Shield Battery  
  74  7:57  Shield Battery  
  74  8:03  Stalker x2  
Show
View Real Time Build Order
Export as new Build Order

Kelazhur Terran - Winner!

Build Orders: Cyclone Opening 

Get SALT Encoding   

  12  0:00  SCV  
  13  0:12  SCV  
  14  0:17  Supply Depot  
  14  0:24  SCV  
  15  0:38  SCV  
  16  0:43  Barracks  
  16  0:46  Refinery  
  16  0:50  SCV  
  16  0:53  Refinery  
  17  1:02  SCV  
  18  1:14  SCV  
  19  1:24  Supply Depot  
  19  1:30  Orbital Command, Reaper  
  20  1:44  Factory  
  20  1:56  SCV  
  21  2:02  Barracks Reactor  
  21  2:08  SCV  
  22  2:20  SCV, Command Center  
  23  2:28  Factory Tech Lab  
  23  2:35  SCV  
  24  2:40  Marine x2  
  25  2:46  Cyclone  
  25  2:47  SCV  
  25  2:48  Supply Depot  
  29  2:58  Marine x2  
  29  3:02  Starport  
  31  3:10  SCV  
  32  3:17  Marine x2  
  34  3:22  Cyclone  
  34  3:25  SCV  
  37  3:32  Orbital Command  
  37  3:35  Marine x2  
  37  3:38  Medivac  
  41  3:41  SCV  
  42  3:53  SCV, Marine x2  
  45  4:04  SCV  
  46  4:10  SCV  
  46  4:12  Marine x2  
  46  4:16  Siege Tank  
  52  4:23  SCV  
  53  4:27  SCV  
  54  4:36  Marine  
  54  4:37  Marine  
  54  4:38  SCV  
  54  4:42  Barracks, SCV, Supply Depot  
  54  4:43  Barracks  
  52  4:51  SCV  
  53  4:54  Engineering Bay, SCV, Refinery  
  54  5:02  Marine  
  54  5:03  SCV  
  53  5:08  Siege Tank  
  53  5:09  SCV  
  53  5:11  Marine  
  53  5:12  Starport Tech Lab  
  57  5:15  SCV  
  57  5:18  Supply Depot  
  57  5:20  Marine  
  58  5:21  SCV  
  58  5:27  SCV  
  54  5:33  SCV, Marine  
  56  5:41  Barracks Tech Lab, SCV  
  56  5:44  Marine  
  56  5:45  SCV  
  58  5:51  Marine  
  58  5:53  SCV  
  58  5:55  Marauder  
  58  5:56  Stimpack  
  58  5:57  Siege Tank  
  62  6:00  Refinery  
  62  6:02  Supply Depot  
  62  6:03  Starport Reactor, Combat Shield, Marauder  
  64  6:05  Marine  
  65  6:12  Marine  
  66  6:19  Marauder  
  66  6:21  SCV x2  
  66  6:24  Terran Infantry Weapons Level 1  
  70  6:25  Supply Depot  
  70  6:27  Marine, Command Center  
  70  6:28  Marauder  
  70  6:32  Marine  
  74  6:38  SCV  
  75  6:41  SCV  
  75  6:44  Factory Reactor  
  75  6:46  Marauder  
  75  6:47  Medivac x2, Marine  
  78  6:48  Marine  
  78  6:50  SCV, Marine  
  78  6:51  Supply Depot  
  78  6:54  Supply Depot  
  86  6:59  Barracks  
  86  7:00  Barracks  
  86  7:03  Supply Depot  
  86  7:12  SCV, Marine x2  
  86  7:13  Marauder x2  
  93  7:20  Widow Mine  
  95  7:26  Medivac x2  
  99  7:30  Missile Turret  
  99  7:31  SCV x2, Missile Turret  
  99  7:34  Marauder  
  103  7:38  Marine x2, Marauder  
  103  7:40  Orbital Command  
  103  7:43  Missile Turret  
  107  7:45  SCV x2  
  109  7:51  Barracks Reactor, Marauder  
  109  7:56  Marauder  
  113  8:00  Marauder  
  115  8:06  Marine x2  

Tags
 
Add a new tag
Caveats
  • Supply blocks, unpowered buildings, or Contaminate may cause inaccurate times.
  • Supply counts are checked every 10 seconds.